← All builds
Suicide front / Cortex / Economy first / OBSERVED BUILD

Standard suicide front

Cortex Suicide front build order · Supreme Isthmus

The role's baseline economy-first play: fast Bot Lab, early Advanced Metal Extractor, and a Thug/Grunt/Aggravator mix pushed to hold the middle while teching up.

#raid #push · 1045 distinct matches · 183 players · 73% of Cortex Suicide front games · team won 57% of 1114 · Recently observed

HOW TO PLAY IT

Key timing: Bot Lab by 0:39

  1. Open 3 mex, then rush Bot Lab almost immediately.
  2. Finish Bot Lab and start pushing Thug, Grunt, Aggravator.
  3. Send units straight to middle to contest and stop leaks.
  4. Eat the Bot Lab for metal if 32% of games reach that point.
  5. Transition into Advanced Metal Extractor once middle is stable.

Phase by phase

TYPICAL OF ITS 1045 GAMES
  1. 1
  2. 2
  3. 3
PLAY THE OPENING

Follow the example game's first 6:00 step by step: what to build now, what comes next, and where it goes. At 1× it keeps pace with your own game.

  1. 1

    Up to the Bot Lab

    Economy
    • Metal Extractor2Mex
    Order
    1. Bot LabBot Lab after 2 mexdone ~0:37, middle half 0:27–0:45

    By 0:21 in all: 2 mex

    The example game in this phase · 3 steps
    1. Mex
    2. Wind
    3. Bot LabBot Labdone 0:33 · typical 0:37
  2. 2

    Bot Lab to 5:00

    Economy
    • Metal Extractor3Mex
    • Wind Turbine2Wind
    Builders
    • Graverobber4 Graverobber
    • Construction Bot3 Con bot
    Army
    • Guard3 Guard
    • Thug16 Thug
    • Grunt3 Grunt
    Other
    • Radar Tower1 Radar Tower

    Some games also: aggravator (38%) · con turret (30%)

    By 5:00 in all: 5 mex · 3 wind

    The example game in this phase · 40 steps
    1. Wind
    2. Construction BotCon bot
    3. GraverobberGraverobber
    4. Mex
    5. Wind
    6. GruntGrunt ×3
    7. Mex
    8. GruntGrunt
    9. GraverobberGraverobber
    10. Construction BotCon bot
    11. GuardGuard
    12. Construction BotCon bot
    13. Mex
    14. GraverobberGraverobber
    15. GuardGuard
    16. Mex
    17. ThugThug ×2
    18. GuardGuard
    19. ThugThug
    20. Radar TowerRadar Tower
    21. Wind
    22. ThugThug
    23. Wind ×2
    24. ThugThug
    25. Wind
    26. ThugThug
    27. BeholderBeholder
    28. ThugThug ×3
    29. Con turret
    30. Radar TowerRadar Tower
    31. GuardGuard
    32. ThugThug
    33. GuardGuard
    34. GraverobberGraverobber
    35. Mex
    36. Construction BotCon bot
    37. ThugThug ×4
    38. GuardGuard
    39. Con turret
    40. ThugThug
  3. 3

    5:00 to 10:00

    Economy
    • Metal Extractor1Mex
    • Wind Turbine12Wind
    Builders
    • Construction Turret1 Con turret
    • Graverobber3 Graverobber
    • Construction Bot1 Con bot
    Army
    • Guard1 Guard
    • Thug11 Thug
    • Grunt1 Grunt

    Some games also: aggravator (42%) · Radar Tower (39%) · energy storage (37%) · Twin Guard (31%)

    By 10:00 in all: 6 mex · 16 wind · 2 con turret

    The example game in this phase · 102 steps
    1. Dragon's TeethDragon's Teeth ×3
    2. ThugThug
    3. Twin GuardTwin Guard
    4. Dragon's TeethDragon's Teeth
    5. GraverobberGraverobber
    6. Dragon's TeethDragon's Teeth
    7. Mex
    8. Dragon's TeethDragon's Teeth
    9. Construction BotCon bot
    10. Wind
    11. Dragon's TeethDragon's Teeth
    12. Advanced Metal ExtractorT2 mexdone 7:08
    13. Dragon's TeethDragon's Teeth ×6
    14. Dragon's MawDragon's Maw
    15. ThugThug
    16. Mex
    17. Wind ×2
    18. GuardGuard
    19. Radar TowerRadar Tower
    20. Wind
    21. BeholderBeholder
    22. GuardGuard
    23. ThugThug
    24. Wind
    25. Advanced Metal ExtractorT2 mex
    26. Dragon's TeethDragon's Teeth
    27. ThugThug
    28. Dragon's TeethDragon's Teeth ×3
    29. Wind
    30. Advanced Metal ExtractorT2 mex
    31. ThugThug
    32. Wind
    33. Radar TowerRadar Tower ×2
    34. ThugThug
    35. Wind
    36. Advanced Metal ExtractorT2 mex
    37. ThugThug
    38. Con turret
    39. Wind
    40. GraverobberGraverobber
    41. Wind
    42. ThugThug
    43. Wind
    44. ThugThug
    45. Wind
    46. GruntGrunt
    47. Twin GuardTwin Guard
    48. ThugThug
    49. Wind
    50. ThugThug
    51. GuardGuard
    52. Wind
    53. ThugThug
    54. Wind
    55. GuardGuard
    56. ThugThug
    57. Radar TowerRadar Tower
    58. GraverobberGraverobber
    59. Wind
    60. ThistleThistle
    61. ThugThug ×2
    62. Wind
    63. GruntGrunt
    64. Wind
    65. GraverobberGraverobber
    66. GruntGrunt
    67. AgitatorAgitatornot finished by 15:00
    68. GruntGrunt
    69. Con turret
    70. Dragon's MawDragon's Maw
    71. GruntGrunt ×7
    72. Wind
    73. GruntGrunt
    74. AgitatorAgitator
    75. GruntGrunt
    76. Wind
    77. GraverobberGraverobber
    78. GruntGrunt
    79. Wind
    80. GruntGrunt
    81. Wind
    82. GruntGrunt
    83. Wind
    84. GruntGrunt ×2
    85. Wind
    86. GruntGrunt
    87. ThistleThistle
    88. GruntGrunt ×2
    89. Wind
    90. GruntGrunt ×2
    91. CastroCastro
    92. GruntGrunt
    93. GraverobberGraverobber
    94. CastroCastro
    95. Wind
    96. Dragon's MawDragon's Maw
    97. GruntGrunt ×6
    98. Energy storage
    99. ThistleThistle
    100. GruntGrunt
    101. AgitatorAgitator
    102. GruntGrunt

Counts are medians over the build's games: half of them build more, half fewer. The example game is hox2's (32 OS, 07/10/2026); pick another.

Team trades

IN AT LEAST 30% OF ITS GAMES

You hand over

Nothing regular.

You get

  • Tidal Generator4 Tidal from Pondfirst at 0:11 · in 69% of games
  • Advanced Construction Bot1 T2 con bot from Geo or Techfirst at 7:45 · in 55% of games

How it plays out

Typical game of this build, running totals by minute

Metal produced

010k20k
0:005:0010:0015:00

metal

Enemy metal destroyed

05k10k
0:005:0010:0015:00

metal

Own metal lost

05k10k
0:005:0010:0015:00

metal

1114 games.

Show as table
ByMetal produced: This buildEnemy metal destroyed: This buildOwn metal lost: This build
1:0033000
2:0094400
3:002036216172
4:003125732630
5:00427915411402
6:00546325172340
7:00663736383327
8:00782845684355
9:00894152995258
10:001020960156154
11:001156765596930
12:001313870187728
13:001475177538384
14:001637883418911
15:001776589649563
WHAT THE NUMBERS SAY

This baseline wins more often than most other roles' standard builds, with early aggression showing in high kills and losses alike.

  • + Team wins 54% of games, best winrate among the roles shown.
  • + First kill lands very early at 2:07 in all games.
  • − Own metal lost is heavy early, 1439 by 5:00.
  • − Enemy destroyed stays close to own losses through 15:00, a costly front.
THE EXAMPLE YOU ARE READING

hox2

32.3 OS · 07/10/2026

Open source match ↗

5 received units · includes a constructor
0 metal received · 3959 energy received

Allied construction assistance is unknown. Timings are observations, not a promise of solo reproducibility.

Typical milestones

Bot Lab0:37Middle 50%: 0:27–0:45 · n=1108
Advanced Metal Extractor9:59Middle 50%: 9:00–11:14 · n=696

Played most by

XXMACGAMERXX134games of this build_Hawkey_70games of this build_X_61games of this buildrealisticjo52games of this buildAbyssFalcon46games of this build